 Dungeon Crawl Stone Soup version 0.15.0-27-gbdb0435 (console) character file.

667 rchandra the Sneak (level 7, -18/49 HPs)
             Began as a Vampire Hunter on Sept 10, 2014.
             Was an Initiate of Kikubaaqudgha.
             Demolished by an ogre
             ... wielding a +0 giant spiked club
              (29 damage)
             ... on Level 5 of the Dungeon.
             The game lasted 00:15:15 (7216 turns).

rchandra the Sneak (Vampire Hunter)                 Turns: 7216, Time: 00:15:15

HP -18/49        AC  5     Str 11      XL: 7   Next: 31%
MP  12/12        EV 12     Int 14      God: Kikubaaqudgha [......]
Gold 155         SH  0     Dex 15      Spells:  0 memorised, 10 levels left

rFire  . . .     SeeInvis +     a - +1 trident (venom)
rCold  + . .     Clarity  .     d - +0 leather armour
rNeg   + + .     rCorr    .     (no shield)
rPois  +         rRot     +     i - +0 helmet
rElec  .         Spirit   .     h - +0 cloak
SustAb .         Warding  .     (no gloves)
rMut   .         Stasis   .     (no boots)
Gourm  .                        (no amulet)
MR     .....                    (no ring)
                                (no ring)

@: regenerating slowly, not resistant to hostile enchantments, stealthy
A: bottle blood, fangs 3, see invisible, unbreathing
a: Bat Form, Bottle Blood, Renounce Religion


You were on level 5 of the Dungeon.
You worshipped Kikubaaqudgha.
Kikubaaqudgha was noncommittal.
You were very thirsty.

You visited 1 branch of the dungeon, and saw 5 of its levels.

You collected 155 gold pieces.

Inventory:

Hand weapons
 a - a +1 trident of venom (weapon)
   (You took it off an orc on level 3 of the Dungeon)
 b - a +0 short sword
 s - a +0 trident
 u - a +2 mace of protection
   (You found it on level 3 of the Dungeon)
Missiles
 c - 3 throwing nets
 p - 23 stones
 v - 4 javelins (quivered)
Armour
 d - a +0 leather armour (worn)
 h - a +0 cloak (worn)
 i - a +0 helmet (worn)
Magical devices
 n - a wand of polymorph (12) {unknown}
 y - a wand of magic darts (5)
Scrolls
 g - a scroll of random uselessness {unknown}
 j - a scroll of magic mapping {unknown}
 k - a scroll of enchant weapon {unknown}
 o - 3 scrolls of identify {unknown}
 r - 2 scrolls of amnesia {unknown}
 z - a scroll of recharging {unknown}
 A - a scroll of noise {unknown}
Jewellery
 f - an uncursed ring of protection from fire {unknown}
   (You found it on level 1 of the Dungeon)
 l - a cursed amulet of inaccuracy {unknown}
   (You found it on level 2 of the Dungeon)
 q - an uncursed ring of ice {unknown}
   (You found it on level 2 of the Dungeon)
 B - an uncursed ring of protection from fire {unknown}
   (You found it on level 5 of the Dungeon)
Potions
 e - a potion of curing {unknown}
 m - a potion of poison {unknown}
 t - a potion of might {unknown}
 w - a potion of heal wounds {unknown}
 x - a potion of blood {@w2}


   Skills:
 - Level 1.7 Fighting
 - Level 4.4 Short Blades
 - Level 3.2 Throwing
 + Level 3.7 Dodging
 + Level 7.6 Stealth
 + Level 2.0 Spellcasting
 + Level 2.9 Necromancy


You had 10 spell levels left.
You didn't know any spells.

Dungeon Overview and Level Annotations

Branches:
Dungeon (5/15)             Temple (0/1) D:5

Altars:
Ashenzari
Cheibriados
Elyvilon
Kikubaaqudgha
Vehumet
Xom
The Shining One

Annotations:
D:3 castle, exclusion: 4 doors, kaibutsu's ghost, average DsGl
D:4 gw's ghost, average TrMo


Innate Abilities, Weirdness & Mutations

You heal slowly.
You can bottle blood from corpses.
You have razor-sharp teeth.
You have supernaturally acute eyesight.
You can survive without breathing.


Message History

Press: ? - help, v - describe, . - travel
Here: an ogre, wielding a giant spiked club (moderately wounded)
The floor.
The ogre hits you but does no damage.
Attack whom?
Press: ? - help, Dir - move target cursor, f/p - ogre
Aim: an ogre, wielding a giant spiked club (moderately wounded)
You reach to attack!
You hit the ogre.
The ogre is poisoned.
The ogre is moderately wounded.
The ogre misses you.
Attack whom?
Press: ? - help, Dir - move target cursor, f/p - ogre
Aim: an ogre, wielding a giant spiked club (heavily wounded, poisoned)
You reach to attack!
You hit the ogre.
The ogre is severely wounded.
The ogre looks more healthy.
The ogre hits you with a giant spiked club!!
Ouch! That really hurt!
You die...
Kikubaaqudgha rasps: "You have failed me!
Welcome... oblivion!"

#.(.### #.# #.# ##.... ###># #.#
#.# #.... #.# #.# #.# #.... #.#
#.# #.# #.### #.# #.# #.# . #.#
#.# #.# #.######## . #.# #.#
#......... #O# #.#.##....#### #V#
#.#..........# #.###.####....##.#
###########.#..............#
#...............####....###.
#.#####.........# #<...##.. #.#
#.........####....##.. #.#
#.....................
######.#########)....############
.............)..)....# #...


You could see an ogre.

Vanquished Creatures
  A sky beast (D:5)
  A phantom (D:4)
  An ogre (D:4)
  Sigmund (D:2)
  2 hounds (D:5)
  An iguana (D:5)
  A worker ant (D:5)
  A hound zombie (D:3)
  A worker ant zombie (D:5)
  4 adders (D:2 D:4)
  6 gnolls (D:2 D:3)
  A giant mite (D:3)
  A worm (D:2)
  An adder skeleton (D:5)
  6 giant geckos (D:1 D:2 D:3 D:5)
  14 orcs (D:3 D:5)
  A bat zombie (D:3)
  2 giant cockroaches (D:3 D:5)
  5 hobgoblins (D:2 D:3 D:4)
  4 jackals (D:2 D:3)
  A ball python (D:2)
  6 bats (D:1 D:2 D:4 D:5)
  A giant cockroach zombie (D:5)
  4 giant newts (D:1 D:4 D:5)
  6 goblins (D:1 D:2 D:4)
  4 kobolds (D:1 D:3 D:4)
  An orc skeleton (D:5)
  10 rats (D:1 D:2 D:3 D:4 D:5)
  A rat zombie (D:3)
89 creatures vanquished.

Notes
Turn   | Place    | Note
--------------------------------------------------------------
     0 | D:1      | rchandra, the Vampire Hunter, began the quest for the Orb.
     0 | D:1      | Reached XP level 1. HP: 16/16 MP: 1/1
    76 | D:1      | Reached skill level 2 in Stealth
   104 | D:1      | Huge Dmg: 5 dmg
   288 | D:1      | Reached XP level 2. HP: 20/22 MP: 2/2
   598 | D:1      | Reached skill level 2 in Short Blades
   716 | D:2      | Huge Dmg: 7 dmg
   721 | D:2      | Huge Dmg: 4 dmg
   787 | D:2      | Reached skill level 3 in Stealth
   795 | D:2      | Found a shimmering altar of Xom.
   797 | D:2      | Found a shimmering altar of Xom.
   797 | D:2      | Found a shimmering altar of Xom.
   819 | D:2      | Reached XP level 3. HP: 19/27 MP: 3/3
   837 | D:2      | Huge Dmg: 7 dmg
   839 | D:2      | Huge Dmg: 5 dmg
   948 | D:2      | Huge Dmg: 6 dmg
   950 | D:2      | Huge Dmg: 6 dmg
   958 | D:2      | Reached skill level 4 in Stealth
  1045 | D:2      | Huge Dmg: 6 dmg
  1053 | D:2      | Huge Dmg: 6 dmg
  1053 | D:2      | Reached skill level 3 in Short Blades
  1123 | D:2      | Reached XP level 4. HP: 33/33 MP: 4/4
  1444 | D:2      | Huge Dmg: 5 dmg
  1472 | D:2      | Huge Dmg: 2 dmg
  1607 | D:2      | Noticed Sigmund
  1627 | D:2      | Killed Sigmund
  1627 | D:2      | Reached skill level 4 in Short Blades
  1627 | D:2      | Reached skill level 5 in Stealth
  1627 | D:2      | Reached XP level 5. HP: 27/38 MP: 5/5
  1802 | D:3      | Found a glowing golden altar of the Shining One.
  1829 | D:2      | Reached skill level 6 in Stealth
  1874 | D:3      | Huge Dmg: 9 dmg
  2320 | D:3      | Found an ancient bone altar of Kikubaaqudgha.
  2329 | D:3      | Became a worshipper of Kikubaaqudgha
  2604 | D:3      | Noticed kaibutsu's ghost (average DsGl)
  2628 | D:4      | Noticed a phantom
  5284 | D:4      | Killed a phantom
  5284 | D:4      | Reached skill level 1 in Necromancy
  5284 | D:4      | Reached XP level 6. HP: 32/44 MP: 7/7
  5376 | D:4      | Noticed an ogre
  5387 | D:4      | Huge Dmg: 25 dmg
  5389 | D:4      | Killed an ogre
  5389 | D:4      | Reached skill level 3 in Dodging
  5389 | D:4      | Reached skill level 1 in Spellcasting
  5832 | D:4      | Found a radiant altar of Vehumet.
  5840 | D:4      | Huge Dmg: 8 dmg
  5865 | D:4      | Noticed gw's ghost (average TrMo)
  6038 | D:5      | Entered Level 5 of the Dungeon
  6040 | D:5      | Found a snail-covered altar of Cheibriados.
  6048 | D:5      | Found a white marble altar of Elyvilon.
  6064 | D:5      | Reached skill level 2 in Necromancy
  6210 | D:5      | Reached skill level 7 in Stealth
  6429 | D:5      | Reached XP level 7. HP: 18/49 MP: 10/10
  6556 | D:5      | Found a shattered altar of Ashenzari.
  6585 | D:5      | Huge Dmg: 8 dmg
  6597 | D:5      | Reached skill level 2 in Spellcasting
  6920 | D:5      | Found a staircase to the Ecumenical Temple.
  7051 | D:5      | Huge Dmg: 10 dmg
  7064 | D:5      | Huge Dmg: 5 dmg
  7190 | D:5      | Huge Dmg: 13 dmg
  7216 | D:5      | Demolished by an ogre

Action                   |  1- 3 |  4- 6 |  7- 9 || total
-------------------------+-------+-------+-------++-------
Melee: Short sword       |    92 |   185 |    33 ||   310
       Trident           |       |    70 |    19 ||    89
Throw: Javelin           |       |     8 |     5 ||    13
 Abil: Bottle Blood      |       |     2 |     2 ||     4
  Use: Potion            |       |     1 |     1 ||     2
 Stab: Sleeping          |     5 |    13 |     3 ||    21
       Distracted        |       |       |     1 ||     1
  Eat: Corpse            |     7 |    10 |       ||    17

Vault maps used:
D:1:      lightli_arrival_statuegarden, grunt_decor_one_mirror
D:2:      xom_redecorated, uniq_sigmund
D:3:      lemuel_castle_with_subvaults, lemuel_zombie_altar_kikubaaqudgha,
          tso_oasis_becter
D:4:      kennysheep_mini_moat, vehumet_altar_wand_db
D:5:      elyvilon_altar_5, lemuel_doored_altar,
          minmay_temple_entry_statues_fountains, first_bread,
          cheibriados_altar_1
